 Dungeon Crawl Stone Soup version 0.27-a0-998-g4cfe56dd59 (webtiles) character file.

Game seed: 15278400459492460487

150 shoop the Chopper (level 5, -2/43 HPs)
             Began as a Palentonga Abyssal Knight on Apr 16, 2021.
             Was a Believer of Lugonu.
             Slain by an orc priest
             ... wielding a +0 war axe
              (10 damage)
             ... on level 2 of the Dungeon.
             The game lasted 00:06:13 (4113 turns).

shoop the Chopper (Palentonga Abyssal Knight)       Turns: 4113, Time: 00:06:13

Health: -2/43      AC:  4    Str: 17    XL:     5   Next: 10%
Magic:  8/8        EV:  9    Int: 12    God:    Lugonu [**....]
Gold:   205        SH:  5    Dex:  9    Spells: 4/4 levels left

rFire    . . .     SeeInvis +   a - +1 hand axe
rCold    . . .     Faith    .   (no shield)
rNeg     . . .     Spirit   .   b - +0 leather armour
rPois    .         Reflect  +   (no helmet)
rElec    .         Harm     .   (no cloak)
rCorr    .         Rampage  .   (no gloves)
Will     .....                  (no barding)
Stlth    +.........             c - amulet of reflection
HPRegen  0.14/turn              (no ring)
MPRegen  0.11/turn              (no ring)

@: no status effects
A: large, rugged brown scales 3, see invisible, deformed body, roll 1, armoured
tail
a: Rolling Charge, Renounce Religion, Depart the Abyss, Bend Space


You were on level 2 of the Dungeon.
You worshipped Lugonu.
Lugonu was pleased with you.
You visited 1 branch of the dungeon, and saw 3 of its levels.
You visited the Abyss 1 time.

You collected 205 gold pieces.

Inventory:

Hand Weapons
 a - a +1 hand axe (weapon)
 d - a +0 hunting sling
Missiles
 l - 2 atropa-tipped darts
Armour
 b - a +0 leather armour (worn)
Magical Staves
 m - a staff of earth
Jewellery
 c - an amulet of reflection (around neck)
Scrolls
 e - 4 scrolls of teleportation {unknown}
 n - a scroll of immolation {unknown}
 o - a scroll of summoning {unknown}
Potions
 f - a potion of lignification {unknown}
 g - a potion of attraction {unknown}
 h - a potion of flight {unknown}
 i - 2 potions of heal wounds {unknown}
 j - a potion of invisibility {unknown}
 k - a potion of ambrosia {unknown}


   Skills:
 - Level 3.2 Fighting
 + Level 4.1 Axes
 - Level 1.5 Armour
 - Level 0.7 Dodging
 - Level 4.0 Invocations


You had 4 spell levels left.
You didn't know any spells.
Your spell library was empty.

Dungeon Overview and Level Annotations

Branches:
Dungeon (3/15)

Altars:
Cheibriados
Ru
Uskayaw


Innate Abilities, Weirdness & Mutations

You are completely covered in rugged brown scales. (AC +3, +7% HP)
You have supernaturally acute eyesight. (SInv)
Armour fits poorly on your strangely shaped body.
You can roll at nearby foes to attack.
You have a long armoured tail.


Message History

Beogh smites you!
There is a stone staircase leading up here.
The orc priest casts a cantrip, but nothing happens.
You climb upwards.
There is a stone staircase leading down here.
You hit the orc priest but do no damage.
You tail-slap the orc priest, but do no damage.
The orc priest barely misses you.
You hit the orc priest but do no damage.
You tail-slap the orc priest!
The orc priest is heavily wounded.
The orc priest invokes the aid of Beogh against you.
Beogh smites you!
You are too injured to fight recklessly!
You barely miss the orc priest.
You tail-slap the orc priest, but do no damage.
The orc priest is heavily wounded.
The orc priest looks satisfied for a moment.
You hit the orc priest but do no damage.
You tail-slap the orc priest, but do no damage.
The orc priest is heavily wounded.
The orc priest hits you with a +0 war axe!
* * * LOW HITPOINT WARNING * * *
You hit the orc priest.
The orc priest is heavily wounded.
The orc priest closely misses you.
Okay, then.
You barely miss the orc priest.
Your tail-slap misses the orc priest.
The orc priest is heavily wounded.
The orc priest hits you with a +0 war axe.
* * * LOW HITPOINT WARNING * * *
You barely miss the orc priest.
The orc priest is heavily wounded.
The orc priest barely misses you.
You aren't carrying any items that you can evoke.
You hit the orc priest but do no damage.
You tail-slap the orc priest, but do no damage.
The orc priest is heavily wounded.
The orc priest hits you with a +0 war axe!
You die...

#.....#.# #.....#.#
####...(# ######## #.#..#
#......# ##########.#..##
#.####.# #.......##.#...#
#.# #.# #.......##.##..# #.#
#.#
###.......##.##..####.####.#
.............##o@[.........#
############.########.######
##########.# #......##.#
#.####.##.# #.# #.##.#
#####.# #.##.#
##.....####.##.#
#..............#


You could see an orc priest.

Vanquished Creatures
  An orc wizard (D:2)
  4 adders
  A shadow imp (D:2)
  3 dart slugs
  An orc (D:3)
  6 endoplasms
  2 giant cockroaches
  7 goblins
  5 hobgoblins
  14 jackals
  4 kobolds
  2 quokkas (D:1)
  7 ball pythons
  5 bats
  3 frilled lizards
  8 rats
73 creatures vanquished.

Notes
Turn   | Place    | Note
-------+----------+-------------------------------------------
     0 | Abyss:1  | shoop the Palentonga Abyssal Knight began the quest for the
                  | Orb.
     0 | Abyss:1  | Reached XP level 1. HP: 19/19 MP: 2/2
    70 | Abyss:1  | Noticed a small abomination
    78 | D:1      | Escaped the Abyss
   223 | D:1      | Reached * piety under Lugonu
   532 | D:1      | Reached XP level 2. HP: 25/25 MP: 3/3
  1106 | D:1      | Reached XP level 3. HP: 19/31 MP: 4/4
  1236 | D:1      | Found a faded altar of an unknown god.
  1689 | D:1      | Reached ** piety under Lugonu
  2173 | D:2      | Reached XP level 4. HP: 37/37 MP: 6/6
  2982 | D:3      | Found a sacrificial altar of Ru.
  3506 | D:3      | Found a hide-covered altar of Uskayaw.
  3586 | D:3      | Found a snail-covered altar of Cheibriados.
  3992 | D:2      | Reached XP level 5. HP: 28/43 MP: 8/8
  4113 | D:2      | Slain by an orc priest

Illustrated notes

Levels and vault maps discovered:
D:1:      dpeg_arrival_concentric_ovals, layout_basic,
          hellmonk_ecumenical_altar_arch_garden
D:2:      layout_basic, kennysheep_generic_room_14
D:3:      layout_loops_ring, general_overflow_altar, amcnicky_altar_gilded,
          overflow_temple_1_default

Skill      XL: |  1  2  3  4 |
---------------+-------------+-----
Axes           | 3 4 |  4.1
Invocations    | 3 4 |  4.0
Fighting       | |  3.2
Armour         | |  1.5
Dodging        | |  0.7

Action                   |  1- 3 |  4- 6 || total
-------------------------+-------+-------++-------
Melee: Hand axe          |   126 |    92 ||   218
       Tailslap          |    13 |    13 ||    26
Invok: Depart the Abyss  |     1 |       ||     1
 Abil: Rolling Charge    |    10 |     4 ||    14
  Use: Potion            |     1 |       ||     1
Armor: Leather armour    |    47 |    20 ||    67
Dodge: Dodged            |    63 |    34 ||    97
Block: Other             |     8 |    16 ||    24
       Reflection        |     1 |       ||     1

Table legend: (Time is in decaauts)
 A = Elapsed time spent in this place.
 B = Non-inter-level travel time spent in this place.
 C = Inter-level travel time spent in this place.
 D = Time resting spent in this place.
 E = Time spent auto-exploring this place.
 F = Levels seen in this place.
 G = Mean time per level.
                   A        B        C        D        E       F      G
               +--------+--------+--------+--------+--------+-----+--------+
         Total |   4144 |   4024 |    120 |    486 |   2987 |   4 | 1036.0 |
       Dungeon |   4066 |   3946 |    120 |    486 |   2917 |   3 | 1355.3 |
         Abyss |     78 |     78 |      0 |      0 |     70 |   1 |   78.0 |
               +--------+--------+--------+--------+--------+-----+--------+

Top non-repeatable levels by time:
     D:1: 1650 daAuts
     D:2: 1341 daAuts
     D:3: 1074 daAuts
 Abyss:1: 78 daAuts
